Unix NetHack Version 5.0.0-0 post-release - last build Jun 10 2026 00:39:30 (3ee93aec679c4c4259841fe613dc97188e26a321,branch:main).

Game began 2026-06-25 01:23:50, ended 2026-06-27 13:54:56.

JPB01, neutral male gnomish Wizard

                                        ------
                                        |.@..|
                                        ...f.|
                                        |....|
                                        -.-.--

JPB01 the Evoker          St:12 Dx:15 Co:11 In:19 Wi:8 Ch:10  Neutral
Dlvl:1  $:0  HP:0(11) Pw:9(9) AC:9  Xp:1 T:2 

Latest messages:
 Hello JPB01, the gnomish Wizard, welcome back to NetHack!
 What do you want to drink? [fgh or ?*] ?
 Never mind.
 What do you want to drink? [fgh or ?*] f
 You feel full of awe.
 What do you want to read? [ijklm or ?*] ?
 As you read the scroll, it disappears.
 What class of monsters do you want to genocide? @
 You aren't permitted to genocide humans.
 You aren't permitted to genocide wererats.
 You aren't permitted to genocide werejackals.
 You aren't permitted to genocide werewolves.
 You aren't permitted to genocide elves.
 Wiped out all Woodland-elves.
 Wiped out all Green-elves.
 Wiped out all Grey-elves.
 Wiped out all elf-nobles.
 Wiped out all elven monarchs.
 Wiped out all doppelgangers.
 You aren't permitted to genocide shopkeepers.
 You aren't permitted to genocide guards.
 You aren't permitted to genocide prisoners.
 You aren't permitted to genocide the Oracle.
 You aren't permitted to genocide aligned clerics.
 You aren't permitted to genocide high clerics.
 Wiped out all soldiers.
 Wiped out all sergeants.
 Wiped out all nurses.
 Wiped out all lieutenants.
 Wiped out all captains.
 Wiped out all watchmen.
 Wiped out all watch captains.
 You aren't permitted to genocide Medusa.
 You aren't permitted to genocide the Wizard of Yendor.
 You aren't permitted to genocide Croesus.
 You aren't permitted to genocide archeologists.
 You aren't permitted to genocide barbarians.
 You aren't permitted to genocide cave dwellers.
 You aren't permitted to genocide healers.
 You aren't permitted to genocide knights.
 You aren't permitted to genocide monks.
 You aren't permitted to genocide clerics.
 You aren't permitted to genocide rangers.
 You aren't permitted to genocide rogues.
 You aren't permitted to genocide samurai.
 You aren't permitted to genocide tourists.
 You aren't permitted to genocide valkyries.
 Wiped out all wizards.
 You die.
 Do you want your possessions identified? [ynq] (y) q

Inventory:
 Weapons  (')')
  a - a blessed +1 quarterstaff (weapon in hands)
 Armor    ('[')
  b - an uncursed +0 cloak of magic resistance (being worn)
 Scrolls  ('?')
  k - a blessed scroll of identify
  i - an uncursed scroll of identify
 Spellbooks  ('+')
  l - a blessed spellbook of force bolt
  m - an uncursed spellbook of slow monster
 Potions  ('!')
  h - an uncursed potion of levitation
  g - a blessed potion of speed
 Rings    ('=')
  e - an uncursed ring of protection from shape changers
  d - an uncursed ring of teleport control
 Wands    ('/')
  c - a wand of undead turning (0:8)
 Tools    ('(')
  n - a magic marker (0:20)

JPB01 the Wizard's attributes:

Background:
 You were an Evoker, a level 1 male gnomish Wizard.
 You were neutral, on a mission for Thoth
 who was opposed by Ptah (lawful) and Anhur (chaotic).
 You were left-handed.
 You were in the Dungeons of Doom, on level 1.
 You entered the dungeon 2 turns ago.
 You had 0 experience points, 20 were needed to attain level 2.

Basics:
 You had 0 out of 11 hit points.
 You had all 9 energy points (spell power).
 Your armor class was 9.
 Your wallet was empty.
 Autopickup was off.

Final Characteristics:
 Your strength was 12 (limit:18/50).
 Your dexterity was 15 (limit:18).
 Your constitution was 11 (limit:18).
 Your intelligence was 19 (limit:19).
 Your wisdom was 8 (limit:18).
 Your charisma was 10 (limit:18).

Final Status:
 You weren't hungry.
 You were unencumbered.
 You were wielding a quarterstaff.
 You had basic skill with quarterstaff.

Final Attributes:
 You were nominally aligned.
 You were magic-protected.
 You had infravision.
 You were warded.
 You are dead.

Miscellaneous:
 You disabled loading and storing of bones levels.
 Total elapsed playing time was 9 seconds.

Major events:
 Turn
    1: JPB01 the neutral male gnomish Wizard entered the dungeon
    2: performed his first genocide (class @)
    2: killed by a scroll of genocide

Spells:
 Name                 Level Category     Fail Retention
 force bolt             1   attack         0%  91%-100%
 slow monster           2   enchantment    0%  91%-100%

Skills:
 Fighting Skills
   bare handed combat [Unskilled]
   riding             [Unskilled]
 Weapon Skills
   dagger             [Unskilled]
   knife              [Unskilled]
   axe                [Unskilled]
   short sword        [Unskilled]
   club               [Unskilled]
   mace               [Unskilled]
   quarterstaff       [Basic]
   polearms           [Unskilled]
   spear              [Unskilled]
   trident            [Unskilled]
   sling              [Unskilled]
   dart               [Unskilled]
   shuriken           [Unskilled]
 Spellcasting Skills
   attack spells      [Basic]
   healing spells     [Unskilled]
   divination spells  [Unskilled]
   enchantment spells [Basic]
   clerical spells    [Unskilled]
   escape spells      [Unskilled]
   matter spells      [Unskilled]

Voluntary challenges:
 Your character was rerolled 19 times.
 You went without food.
 You were an atheist.
 You never hit with a wielded weapon.
 You were a pacifist.
 You genocided 14 types of monsters.
 You never polymorphed an object.
 You never changed form.
 You used no wishes.

 The Dungeons of Doom:
    Level 1: <- You were here.
       Final resting place for
          you, killed by a scroll of genocide.


No creatures were vanquished.

Genocided species:
 captains
 nurses
 lieutenants
 watch captains
 wizards
 elven monarchs
 doppelgangers
 elf-nobles
 sergeants
 Grey-elves
 soldiers
 watchmen
 Green-elves
 Woodland-elves
14 species genocided.

Game over:
                       ----------
                      /          \
                     /    REST    \
                    /      IN      \
                   /     PEACE      \
                  /                  \
                  |      JPB01       |
                  |       0 Au       |
                  |   killed by a    |
                  |    scroll of     |
                  |     genocide     |
                  |                  |
                  |       2026       |
                 *|     *  *  *      | *
        _________)/\\_//(\/(/\)/\//\/|_)_______

Goodbye JPB01 the Wizard...

You were genocided in The Dungeons of Doom on dungeon level 1 with 0 points,
and 0 pieces of gold, after 2 moves.
You were level 1 with a maximum of 11 hit points when you were genocided.

